 Dungeon Crawl Stone Soup version 0.30-a0-622-gddc90eaa04 (webtiles) character file.

Game seed: 1471172801783375773

184 OTABOTABOTAB the Skirmisher (level 5, -1/64 HPs)
             Began as a Gnoll Hunter on Jan 11, 2023.
             Succumbed to Robin's poison
             ... on level 3 of the Dungeon.
             The game lasted 00:02:31 (1773 turns).

OTABOTABOTAB the Skirmisher (Gnoll Hunter)          Turns: 1773, Time: 00:02:31

Health: -1/64      AC: 22    Str: 10    XL:     5   Next: 64%
Magic:  7/7        EV:  2    Int:  8    God:
Gold:   119        SH:  0    Dex: 18    Spells: 7/7 levels left

rFire   . . .      SeeInvis .    a - +0 shortbow
rCold   . . .      Faith    .    (shield currently unavailable)
rNeg    . . .      Spirit   .    (body armour currently unavailable)
rPois   +          Reflect  .    (helmet currently unavailable)
rElec   .          Harm     .    (cloak currently unavailable)
rCorr   .          Rampage  .    (gloves currently unavailable)
Will    .....      NoTele   +    (boots currently unavailable)
Stlth   ++                       i - amulet of magic regeneration
HPRegen 0.30/turn                (no ring)
MPRegen 0.50/turn                (no ring)

@: lethally poisoned (-1 -> -8), tree-form
A: stationary, stasis, torment immunity, boosted hp, (fangs 1), strong nose,
distributed training
a: no special abilities


You were on level 3 of the Dungeon.
You were a tree.
You visited 1 branch of the dungeon, and saw 3 of its levels.

You collected 119 gold pieces.

Inventory:

Hand Weapons
 a - a +0 shortbow (weapon)
Missiles
 g - 2 poisoned darts
 h - a boomerang
 s - 13 stones
Armour
 c - a +0 leather armour (melded)
Jewellery
 i - an amulet of magic regeneration (around neck)
   (You found it on level 2 of the Dungeon)
Wands
 q - a wand of flame (5)
   (You found it on level 3 of the Dungeon)
Scrolls
 b - a scroll of fear {unknown}
 f - a scroll of enchant armour {unknown}
 K - a scroll of immolation {!r}
Potions
 M - a potion of magic


   Skills:
 + Level 4.8 Fighting
 + Level 1.6 Short Blades
 + Level 1.6 Long Blades
 + Level 1.6 Axes
 + Level 1.6 Maces & Flails
 + Level 1.6 Polearms
 + Level 1.6 Staves
 + Level 8.7 Ranged Weapons
 + Level 1.6 Throwing
 + Level 1.6 Armour
 + Level 4.8 Dodging
 + Level 2.9 Stealth
 + Level 1.6 Shields
 + Level 1.6 Unarmed Combat
 + Level 1.6 Spellcasting
 + Level 1.3 Conjurations
 + Level 1.3 Hexes
 + Level 1.3 Summonings
 + Level 1.3 Necromancy
 + Level 1.3 Translocations
 + Level 1.3 Transmutations
 + Level 1.3 Fire Magic
 + Level 1.3 Ice Magic
 + Level 1.3 Air Magic
 + Level 1.3 Earth Magic
 + Level 1.3 Poison Magic
 + Level 1.9 Invocations
 + Level 1.6 Evocations


You had 7 spell levels left.
You didn't know any spells.
Your spell library contained the following spells:

 Spells                   Type           Power      Damage    Failure   Level
 Call Canine Familiar     Summ           2%         N/A       54%         3
 Portal Projectile        Hex/Tloc       4%         N/A       54%         3
 Leda's Liquefaction      Hex/Erth       1%         N/A       91%         4


Dungeon Overview and Level Annotations

Branches:
Dungeon (3/15)

Altars:


Innate Abilities, Weirdness & Mutations

You are a tree.
Your roots penetrate the ground, keeping you stationary.
You cannot be teleported.
You are immune to unholy pain and torment.
Your maximum health is greatly increased.
Your equipment is partially melded.
((You have very sharp teeth.))
Your uncanny sense of smell can sniff out nearby items.
Your experience applies equally to all skills.


Message History

Robin shouts!
The arrow hits the hobgoblin!
You kill the hobgoblin!
You hear a shout!
Robin throws the goblin at you!
You shoot an arrow. The arrow misses the goblin.
The arrow hits the goblin!
You kill the goblin!
The goblin completely misses you.
You shoot an arrow. The arrow hits the goblin!
You kill the goblin!
You shoot an arrow. The arrow hits the goblin!
You kill the goblin!
You shoot an arrow. The arrow hits the orc.
You shoot an arrow. The arrow hits the orc.
The orc closely misses you.
An orc comes into view. It is wielding a +0 short sword.
You shoot an arrow. The arrow closely misses the orc.
The arrow barely misses Robin.
The orc shouts!
The orc hits you with a +0 club.
Robin hits you from afar with a +3 trident of venom!
You are poisoned.
Robin hits you from afar with a +3 trident of venom.
You are more poisoned.
The orc misses you.
You take 16 damage, and have 27/43 hp.
MASSIVE DAMAGE!!
You feel very sick.
You take 6 damage, and have 21/43 hp.
You feel very sick.
You take 4 damage, and have 17/43 hp.
It was a potion of magic.
Magic courses through your body.
M - a potion of magic You feel very sick.
The orc hits you with a +0 club.
* * * LOW HITPOINT WARNING * * *
Robin closely misses you.
You take 5 damage, and have 12/43 hp.
* * * LOW HITPOINT WARNING * * *
You feel very sick.
You take 3 damage, and have 9/43 hp.
It was a potion of lignification.
You turn into a tree.
Your +0 leather armour melds into your body.
Your roots penetrate the ground.
You feel sick. The orc hits you but does no damage.
Robin hits you but does no damage.
You now have 12/64 hp.
You cannot move.
You shoot an arrow. The arrow hits the orc!
You kill the orc!
You feel sick.
Robin laughs in a distinctly smug fashion.
Robin hits you but does no damage.
You take 2 damage, and have 10/64 hp.
Fire: a) +0 shortbow
Aim: Robin, wielding a +3 trident of venom, wearing a +0 animal skin and wearing a +0 helmet (73% to hit)
You shoot an arrow. The arrow hits Robin.
You feel sick. Robin hits you but does no damage.
Fire: a) +0 shortbow
Aim: Robin, wielding a +3 trident of venom, wearing a +0 animal skin and wearing a +0 helmet (lightly wounded, 73% to hit)
You shoot an arrow. The arrow hits Robin!
You feel sick. Robin hits you but does no damage.
Fire: a) +0 shortbow
Aim: Robin, wielding a +3 trident of venom, wearing a +0 animal skin and wearing a +0 helmet (severely wounded, 73% to hit)
You shoot an arrow. The arrow closely misses the orc.
The arrow barely misses Robin.
You feel sick. Robin barely misses you. The orc hits you but does no damage.
You take 2 damage, and have 8/64 hp.
Fire: a) +0 shortbow
Aim: Robin, wielding a +3 trident of venom, wearing a +0 animal skin and wearing a +0 helmet (severely wounded, 73% to hit)
You shoot an arrow. The arrow barely misses the orc.
The arrow barely misses Robin.
You feel sick. Robin barely misses you. The orc hits you but does no damage.
You take 2 damage, and have 6/64 hp.
Fire: a) +0 shortbow
Aim: Robin, wielding a +3 trident of venom, wearing a +0 animal skin and wearing a +0 helmet (severely wounded, 73% to hit)
You shoot an arrow. The arrow hits the orc.
You feel sick.
You are no longer poisoned.
Robin hits you from afar with a +3 trident of venom.
* * * LOW HITPOINT WARNING * * *
The orc hits you but does no damage.
You take 3 damage, and have 3/64 hp.
Fire: a) +0 shortbow
Aim: Robin, wielding a +3 trident of venom, wearing a +0 animal skin and wearing a +0 helmet (severely wounded, 73% to hit)
You shoot an arrow. The arrow barely misses the orc.
The arrow hits Robin.
Robin hits you but does no damage. The orc hits you but does no damage.
Fire: a) +0 shortbow
Aim: Robin, wielding a +3 trident of venom, wearing a +0 animal skin and wearing a +0 helmet (almost dead, 73% to hit)
You shoot an arrow. The arrow hits the orc!
You kill the orc!
Robin says, "My goblins will feast on your bones."
Robin hits you but does no damage.
You are lethally poisoned!
Fire: a) +0 shortbow
Aim: Robin, wielding a +3 trident of venom, wearing a +0 animal skin and wearing a +0 helmet (almost dead, 73% to hit)
You shoot an arrow. The arrow hits Robin.
You kill Robin!
* * * LOW HITPOINT WARNING * * *
You feel very sick.
You take 2 damage, and have 1/64 hp.
You die...

#......###.#
.....
#.....####.#..
#............#
#.....####.###
#.....## #.##
#......###..#
#...#.....#.#
######.##.#.## .
#.##..♣)## ...
#)####.))###.....
#.. ##...)).)...
.# ###
#.####..... ..
#.# .). #. #.# .
#. ..# .. .## #
.. #


There were no monsters in sight!

Vanquished Creatures
  An orc priest (D:2)
  Terence (D:2)
  Robin (D:3)
  4 adders
  An ufetubus (D:3)
  A worm (D:2)
  2 dart slugs (D:2)
  5 orcs
  4 ball pythons
  5 endoplasms
  4 giant cockroaches
  12 goblins
  4 hobgoblins
  5 kobolds
  2 quokkas
  4 bats
  3 frilled lizards
  6 rats
65 creatures vanquished.

Notes
Turn   | Place    | Note
-------+----------+-------------------------------------------
     0 | D:1      | OTABOTABOTAB the Gnoll Hunter began the quest for the Orb.
     0 | D:1      | Reached XP level 1. HP: 20/20 MP: 1/1
    61 | D:1      | Found a faded altar of an unknown god.
   151 | D:1      | Reached XP level 2. HP: 26/26 MP: 2/2
   494 | D:2      | Reached XP level 3. HP: 31/31 MP: 3/3
   682 | D:2      | Noticed Terence
   685 | D:2      | Reached skill level 1 in Invocations
   689 | D:2      | Killed Terence
   690 | D:2      | Reached skill level 1 in Short Blades
   690 | D:2      | Reached skill level 1 in Long Blades
   690 | D:2      | Reached skill level 1 in Axes
   690 | D:2      | Reached skill level 1 in Maces & Flails
   690 | D:2      | Reached skill level 1 in Polearms
   690 | D:2      | Reached skill level 1 in Staves
   690 | D:2      | Reached skill level 1 in Throwing
   690 | D:2      | Reached skill level 1 in Armour
   690 | D:2      | Reached skill level 1 in Shields
   690 | D:2      | Reached skill level 1 in Unarmed Combat
   690 | D:2      | Reached skill level 1 in Spellcasting
   690 | D:2      | Reached skill level 1 in Evocations
   690 | D:2      | Reached XP level 4. HP: 36/38 MP: 5/5
   721 | D:2      | Reached skill level 1 in Conjurations
   721 | D:2      | Reached skill level 1 in Hexes
   721 | D:2      | Reached skill level 1 in Summonings
   721 | D:2      | Reached skill level 1 in Necromancy
   721 | D:2      | Reached skill level 1 in Translocations
   721 | D:2      | Reached skill level 1 in Transmutations
   721 | D:2      | Reached skill level 1 in Fire Magic
   721 | D:2      | Reached skill level 1 in Ice Magic
   721 | D:2      | Reached skill level 1 in Air Magic
   721 | D:2      | Reached skill level 1 in Earth Magic
   721 | D:2      | Reached skill level 1 in Poison Magic
   891 | D:2      | Reached XP level 5. HP: 43/43 MP: 7/7
  1486 | D:3      | Noticed Robin
  1762 | D:3      | HP: 9/43 [poisoned by Robin]
  1767 | D:3      | HP: 8/64 [poisoned by Robin]
  1769 | D:3      | HP: 3/64 [Robin/+3 trident of venom (3)]
  1772 | D:3      | Killed Robin
  1772 | D:3      | HP: 1/64 [poisoned by Robin]
  1773 | D:3      | Succumbed to Robin's poison

Illustrated notes

Levels and vault maps discovered:
D:1:      wheals_arrival_shading, layout_rooms, basic_ecumenical_altar
D:2:      layout_basic, grunt_decor_clamped, uniq_terence
D:3:      layout_rooms, mainiacjoe_overflow_24_doors,
          wander_ebering_terrifying_dragon_lair, uniq_robin

Skill      XL: |  1  2  3  4 |
---------------+-------------+-----
Invocations    | 1 |  1.9
Short Blades   | 1 |  1.6
Long Blades    | 1 |  1.6
Axes           | 1 |  1.6
Maces & Flails | 1 |  1.6
Polearms       | 1 |  1.6
Staves         | 1 |  1.6
Throwing       | 1 |  1.6
Armour         | 1 |  1.6
Shields        | 1 |  1.6
Unarmed Combat | 1 |  1.6
Spellcasting   | 1 |  1.6
Evocations     | 1 |  1.6
Conjurations   | 1 |  1.3
Hexes          | 1 |  1.3
Summonings     | 1 |  1.3
Necromancy     | 1 |  1.3
Translocations | 1 |  1.3
Transmutations | 1 |  1.3
Fire Magic     | 1 |  1.3
Ice Magic      | 1 |  1.3
Air Magic      | 1 |  1.3
Earth Magic    | 1 |  1.3
Poison Magic   | 1 |  1.3
Fighting       | |  4.8
Ranged Weapons | |  8.7
Dodging        | |  4.8
Stealth        | |  2.9

Action                   |  1- 3 |  4- 6 || total
-------------------------+-------+-------++-------
 Fire: Shortbow          |    77 |   111 ||   188
  Use: Potion            |       |     2 ||     2
Armor: Leather armour    |     2 |    19 ||    21
       Skin              |       |    11 ||    11
Dodge: Dodged            |     7 |    54 ||    61

Table legend: (Time is in decaauts)
 A = Elapsed time spent in this place.
 B = Non-inter-level travel time spent in this place.
 C = Inter-level travel time spent in this place.
 D = Time resting spent in this place.
 E = Time spent auto-exploring this place.
 F = Levels seen in this place.
 G = Mean time per level.
                   A        B        C        D        E       F      G
               +--------+--------+--------+--------+--------+-----+--------+
         Total |   1796 |   1694 |    102 |     55 |   1345 |   3 |  598.7 |
       Dungeon |   1796 |   1694 |    102 |     55 |   1345 |   3 |  598.7 |
               +--------+--------+--------+--------+--------+-----+--------+

Top non-repeatable levels by time:
     D:2: 1109 daAuts
     D:1: 487 daAuts
     D:3: 199 daAuts

Table legend:
 A = Kills in this place as a percentage of kills in entire the game.
 B = Kills by you in this place as a percentage of kills by you in the entire game.
 C = Kills by friends in this place as a percentage of kills by friends in the entire game.
 D = Other kills in this place as a percentage of other kills in the entire game.
 E = Experience gained in this place as a percentage of experience gained in the entire game.
 F = Experience gained in this place divided by the number of levels of this place that you have seen.
                   A       B       C       D       E      F
               +-------+-------+-------+-------+-------+----------------------
         Total | 100.0 | 100.0 |   N/A |   N/A | 100.0 |  88.0
       Dungeon | 100.0 | 100.0 |   N/A |   N/A | 100.0 |  88.0
               +-------+-------+-------+-------+-------+----------------------
